[Event "Titled Tuesday Blitz February 15 Early 2022"]
[White "Piliczewski, Bogusz"]
[Black "Einarsson, Halldor Gretar"]
[WhiteFideId "1104144"]
[BlackFideId "2300150"]
[WhiteElo "1896"]
[BlackElo "2114"]
[Result "1-0"]
[Round "10"]
[TimeControl "180+1"]
[Date "2022.02.15"]
[WhiteClock "0:00:03"]
[BlackClock "0:00:07"]

1. d4 Nf6 2. Nf3 g6 3. Bf4 Bg7 4. e3 d5 5. h3 c5 6. c3 Nc6 7. Bd3 Ne4 8. Nbd2 f5 9. O-O O-O 10. Qe2 h6 11. Rac1 Kh7 12. Rfd1 Re8 13. Bh2 cxd4 14. cxd4 Qb6 15. Nb3 a5 16. Nc5 e5 17. Bxe4 dxe4 18. Nxe5 Nxe5 19. dxe5 Be6 20. Nxe6 Rxe6 21. Rd7 Rc6 22. Rcd1 Rac8 23. R7d2 a4 24. g4 Qc5 25. Rd5 Qe7 26. Bg3 Rc2 27. R1d2 Rc1+ 28. Kg2 Rf8 29. Rd7 Qe6 30. R2d6 Qxa2 31. gxf5 gxf5 32. Qh5 Qf7 33. Rxf7 Rxf7 34. Qxf7 Rc8 35. Rd7 Rg8 36. Qxf5+ Kh8 37. e6 Bf8 38. Kf1 a3 39. Be5+ Bg7 40. Bxg7+ Rxg7 41. Qf8+ 1-0


[Site "https://www.chess.com"]

[Event "Titled Tuesday Blitz February 15 Early 2022"]
[White "Poormosavi, Seyed Kian"]
[Black "Mikhailovsky, Vladimir"]
[WhiteFideId "12585807"]
[BlackFideId "34105414"]
[WhiteElo "2116"]
[BlackElo "2371"]
[Result "0-1"]
[Round "10"]
[TimeControl "180+1"]
[Date "2022.02.15"]
[WhiteClock "0:00:37"]
[BlackClock "0:00:05"]

1. Nf3 d5 2. g3 Nd7 3. Bg2 e5 4. d3 Ngf6 5. O-O c6 6. Nbd2 Bd6 7. e4 O-O 8. Qe2 Re8 9. c3 Nf8 10. Rd1 Ng6 11. Nf1 h6 12. h4 Qe7 13. a4 a5 14. N3h2 Be6 15. Ne3 dxe4 16. dxe4 Bc5 17. Nf5 Qc7 18. Be3 Bxe3 19. Qxe3 Ne7 20. Nxe7+ Rxe7 21. Nf3 Bb3 22. Rd3 Rd8 23. Nd2 Rxd3 24. Qxd3 Rd7 25. Qe3 Be6 26. f3 Qd8 27. Nf1 Ne8 28. f4 exf4 29. gxf4 Qxh4 30. f5 Bc4 31. e5 Bxf1 32. Rxf1 Qg5 33. Qe4 Rd2 34. b4 axb4 35. cxb4 Nc7 36. e6 fxe6 37. fxe6 Nd5 38. b5 cxb5 39. axb5 Qxg2+ 40. Qxg2 Rxg2+ 41. Kh1 Re2 42. Rd1 Nc3 43. Rd7 Nxb5 44. e7 Kf7 45. e8=Q+ Kxe8 46. Rxb7 Nd4 47. Rxg7 Nf3 0-1


[Site "https://www.chess.com"]

[Event "Titled Tuesday Blitz February 15 Early 2022"]
[White "Popadic, Dragan"]
[Black "Manukyan, Artyom"]
[WhiteFideId "913650"]
[BlackFideId "13305786"]
[WhiteElo "2199"]
[BlackElo "2034"]
[Result "0-1"]
[Round "10"]
[TimeControl "180+1"]
[Date "2022.02.15"]
[WhiteClock "0:00:16"]
[BlackClock "0:00:15"]

1. e4 c5 2. Nc3 d6 3. f4 Nc6 4. Nf3 g6 5. Bc4 Bg7 6. d3 e6 7. O-O Nge7 8. Qe1 O-O 9. f5 gxf5 10. Qh4 Ng6 11. Qh5 fxe4 12. dxe4 Nce5 13. Nxe5 Nxe5 14. Be2 Ng6 15. Bg5 Qb6 16. Rab1 Bd7 17. Kh1 Rae8 18. Bh6 Qb4 19. Bxg7 Kxg7 20. Rf3 Rh8 21. Rbf1 Ref8 22. b3 Qd4 23. Rg3 Qe5 24. Qf3 Bc6 25. Bb5 Bxb5 26. Nxb5 f5 27. exf5 Rxf5 28. Qd1 Rxf1+ 29. Qxf1 Rf8 30. Qd1 a6 31. Nc3 d5 32. Na4 Qd4 33. Qe1 b5 34. Nb6 Qe4 35. Qd1 d4 36. Nd7 Rf5 37. h3 Qc6 38. Nb8 Qc7 39. Qe1 Qxb8 40. Rg4 Qe5 41. Re4 Qf6 42. Rxe6 Rf1+ 43. Kh2 Rxe1 44. Rxf6 Kxf6 0-1


[Site "https://www.chess.com"]

[Event "Titled Tuesday Blitz February 15 Early 2022"]
[White "Pourkashiyan, Atousa"]
[Black "Osmonbekov, Talaibek"]
[WhiteFideId "12502014"]
[BlackFideId "2017253"]
[WhiteElo "2247"]
[BlackElo "2135"]
[Result "0-1"]
[Round "10"]
[TimeControl "180+1"]
[Date "2022.02.15"]
[WhiteClock "0:00:36"]
[BlackClock "0:01:19"]

1. e4 c5 2. Nf3 d6 3. d4 cxd4 4. Nxd4 Nf6 5. Nc3 g6 6. Bc4 Bg7 7. O-O O-O 8. h3 Nc6 9. Be3 Bd7 10. f4 Rc8 11. Qf3 Nxd4 12. Bxd4 Rxc4 13. Bxa7 b6 14. Qe3 Rb4 15. Rab1 b5 16. Rfd1 Qa8 17. e5 Ne4 18. Nd5 Ra4 19. Bd4 Qxd5 20. c3 Bc6 21. exd6 Bxd4 22. Rxd4 Rxd4 23. Qxd4 Qxd4+ 24. cxd4 exd6 25. Rc1 Bd5 26. b3 Ra8 0-1


[Site "https://www.chess.com"]

[Event "Titled Tuesday Blitz February 15 Early 2022"]
[White "Prohorov, Olexandr"]
[Black "Miszler, Levente"]
[WhiteFideId "14105578"]
[BlackFideId "763276"]
[WhiteElo "1993"]
[BlackElo "1966"]
[Result "1-0"]
[Round "10"]
[TimeControl "180+1"]
[Date "2022.02.15"]
[WhiteClock "0:00:46"]
[BlackClock "0:00:02"]

1. e4 c5 2. c3 e6 3. d4 d5 4. exd5 Qxd5 5. Nf3 Nc6 6. Na3 cxd4 7. Nb5 Qd8 8. Bf4 e5 9. Nxe5 Qf6 10. Nc7+ Kd8 11. Nxc6+ bxc6 12. Nxa8 Qxf4 13. Be2 Bb7 14. Qa4 Kc8 15. Qxa7 dxc3 16. Nb6+ Kc7 17. Rd1 Nf6 18. Ba6 Qe4+ 19. Kf1 c5 20. Nd5+ Nxd5 21. Qxb7+ Kd6 22. bxc3 Be7 23. c4 Ke5 24. Rxd5+ Kf4 25. g3+ Kg4 26. h3+ Kf3 27. Rd3# 1-0


[Site "https://www.chess.com"]

[Event "Titled Tuesday Blitz February 15 Early 2022"]
[White "Reprintsev, Alexander"]
[Black "Golubenko, Valentina"]
[WhiteFideId "14100541"]
[BlackFideId "4501993"]
[WhiteElo "2126"]
[BlackElo "2164"]
[Result "1-0"]
[Round "10"]
[TimeControl "180+1"]
[Date "2022.02.15"]
[WhiteClock "0:00:23"]
[BlackClock "0:00:03"]

1. e4 e6 2. Qe2 b6 3. b3 Bb7 4. Bb2 d5 5. exd5 Bxd5 6. Nc3 Bb7 7. O-O-O Nf6 8. Nf3 Be7 9. g4 O-O 10. g5 Nd5 11. h4 Nc6 12. Rg1 Ncb4 13. a3 Ba6 14. Qe4 Nxc3 15. Bxc3 Na2+ 16. Kb2 Nxc3 17. Kxc3 Bxf1 18. Rgxf1 Bxa3 19. Ne5 c5 20. d4 Rc8 21. d5 exd5 22. Rxd5 Qe7 23. Rd7 Qe6 24. Qd5 Qh3+ 25. Qd3 Qxh4 26. f4 b5 27. Qxb5 Qh3+ 28. Qd3 Qe6 29. Ra1 Bb4+ 30. Kb2 f6 31. Nc4 fxg5 32. Raxa7 Qf6+ 33. c3 Ra8 34. Rxg7+ Qxg7 35. Rxg7+ Kxg7 36. cxb4 gxf4 37. bxc5 f3 38. Nd2 f2 39. Qg3+ Kh8 40. Qe5+ Kg8 41. c6 1-0


[Site "https://www.chess.com"]

[Event "Titled Tuesday Blitz February 15 Early 2022"]
[White "Ronka, Erik"]
[Black "De Souza Sa, Apolo"]
[WhiteFideId "505080"]
[BlackFideId "324225390"]
[WhiteElo "2264"]
[BlackElo "1828"]
[Result "1-0"]
[Round "10"]
[TimeControl "180+1"]
[Date "2022.02.15"]
[WhiteClock "0:00:14"]
[BlackClock "0:00:17"]

1. d4 Nf6 2. Nf3 g6 3. g3 Bg7 4. Bg2 O-O 5. O-O d5 6. c4 dxc4 7. Na3 c3 8. bxc3 c5 9. Re1 Nc6 10. e4 Bg4 11. Bb2 Qc7 12. h3 Bxf3 13. Qxf3 Rac8 14. d5 Ne5 15. Qe2 c4 16. Reb1 Nd3 17. Nb5 Qc5 18. Nd4 Rfe8 19. a4 Nxb2 20. Rxb2 e5 21. Nc2 b6 22. Kh2 Re7 23. Ne3 Ne8 24. Rb5 Qc7 25. a5 Nd6 26. axb6 axb6 27. Rb4 b5 28. h4 f5 29. exf5 gxf5 30. Bh3 Rf8 31. Ra6 f4 32. Rc6 Qd8 33. Nd1 Kh8 34. Be6 e4 35. Rb2 Be5 36. Qh5 Bg7 37. Ra2 Qe8 38. Qg4 Be5 39. Raa6 Qd8 40. Qh5 Bg7 41. Rxd6 1-0


[Site "https://www.chess.com"]

[Event "Titled Tuesday Blitz February 15 Early 2022"]
[White "Rosenberg, Evan S"]
[Black "Samarth, J Rao"]
[WhiteFideId "2019299"]
[BlackFideId "46652370"]
[WhiteElo "2331"]
[BlackElo "1514"]
[Result "1-0"]
[Round "10"]
[TimeControl "180+1"]
[Date "2022.02.15"]
[WhiteClock "0:00:33"]
[BlackClock "0:00:02"]

1. Nf3 d5 2. d4 Nf6 3. c4 e6 4. g3 Be7 5. Bg2 O-O 6. O-O dxc4 7. Qc2 b5 8. Bg5 Bb7 9. Bxf6 Bxf6 10. Ng5 Bxg5 11. Bxb7 Nd7 12. Bxa8 Qxa8 13. e4 c5 14. f4 Bf6 15. e5 Be7 16. d5 Qxd5 17. Rd1 Qc6 18. Qg2 Qxg2+ 19. Kxg2 Nb6 20. Nc3 a6 21. a4 b4 22. Ne4 Nd5 23. Kf3 f5 24. exf6 gxf6 25. Rac1 Nb6 26. a5 Na4 27. Rd7 Re8 28. Rxc4 Nxb2 29. Rc2 Na4 30. Rb7 f5 31. Nd2 Kf8 32. Nc4 Nc3 33. Ne5 Rd8 34. Rxe7 Kxe7 35. Nc6+ Kd7 36. Nxd8 Kxd8 37. Ke3 Kc7 38. Kd3 Kc6 39. Kc4 Ne4 40. Re2 Nd6+ 41. Kb3 Kd5 42. Rd2+ Kc6 43. h3 Ne4 44. Rd8 Nxg3 45. Rb8 Ne2 46. Rb6+ Kd5 47. Rxa6 Nxf4 48. Ra8 Nd3 49. a6 c4+ 50. Kc2 b3+ 51. Kc3 b2 52. Kc2 Kc5 53. Rb8 Ne5 54. a7 Nd3 55. a8=Q 1-0


[Site "https://www.chess.com"]

[Event "Titled Tuesday Blitz February 15 Early 2022"]
[White "Rustemov, Alexander"]
[Black "Alavi, Sayed Javad"]
[WhiteFideId "4119002"]
[BlackFideId "12500607"]
[WhiteElo "2802"]
[BlackElo "2475"]
[Result "0-1"]
[Round "10"]
[TimeControl "180+1"]
[Date "2022.02.15"]
[WhiteClock "0:00:07"]
[BlackClock "0:00:14"]

1. d4 Nf6 2. c4 e6 3. Nf3 d5 4. Nc3 Be7 5. Bg5 O-O 6. e3 Nbd7 7. Qc2 c6 8. Rd1 a6 9. c5 b6 10. b4 a5 11. a3 axb4 12. axb4 bxc5 13. bxc5 Ra3 14. Bd3 Qa5 15. Rc1 Ba6 16. O-O Bxd3 17. Qxd3 Rb8 18. Qc2 h6 19. Bf4 Rb4 20. Nd2 Bd8 21. h3 Bc7 22. Bxc7 Qxc7 23. Rb1 Qb7 24. Nf3 Rxc3 25. Qa2 Ra3 26. Qc2 Rab3 27. Ra1 Ne4 28. Qa2 f6 29. Qa6 Qxa6 30. Rxa6 Nb8 31. Ra8 Kf7 32. g3 Rb2 33. Kg2 Rc2 34. Ne1 Rc3 35. Ra7+ Kf8 36. Ra2 Rcb3 37. Nc2 Rb7 38. Rfa1 Rb2 39. Ne1 g5 40. Nd3 Rxa2 41. Rxa2 Rb3 42. Ne1 Rb7 43. g4 Ke7 44. Nf3 Kd7 45. h4 Kc7 46. hxg5 hxg5 47. Ne1 Nc3 48. Ra8 e5 49. Nd3 e4 50. Ne1 Nb5 51. Ra2 Ra7 52. Rb2 Nd7 53. f3 Nc3 54. fxe4 dxe4 55. Nc2 Ra2 56. Rxa2 Nxa2 57. Kf2 Nc3 58. Ke1 Nb8 59. Kd2 Nd5 60. Na3 Ne7 61. Nc4 f5 62. Nd6 fxg4 63. Nxe4 Nd7 64. Nxg5 Nf5 65. Kd3 g3 66. Nf3 g2 67. Ke2 Nh4 68. Ng1 Nf6 69. Kf2 Ne4+ 70. Ke2 Kd7 71. Kd3 Nf2+ 72. Ke2 Ne4 73. Kd3 Ng5 74. Ke2 Ngf3 75. Nh3 g1=Q 76. Nxg1 Nxg1+ 77. Kd3 Ngf3 78. e4 Nxd4 79. Kxd4 Ng6 80. Ke3 Ne5 81. Kd4 Ke6 82. Ke3 Nd7 83. Kd4 Kf6 84. Kc4 Ke5 85. Kb4 Kxe4 86. Kc4 Ke5 87. Kb4 Kd5 88. Kc3 Nxc5 89. Kb4 Ne4 90. Kb3 c5 91. Kc2 c4 92. Kd1 Kd4 93. Kc2 c3 94. Kc1 Kd3 95. Kd1 Nd6 96. Kc1 c2 97. Kb2 Kd2 0-1


[Site "https://www.chess.com"]

[Event "Titled Tuesday Blitz February 15 Early 2022"]
[White "Safarli, Eltaj"]
[Black "Andreikin, Dmitry"]
[WhiteFideId "13402129"]
[BlackFideId "4158814"]
[WhiteElo "2634"]
[BlackElo "2736"]
[Result "1-0"]
[Round "10"]
[TimeControl "180+1"]
[Date "2022.02.15"]
[WhiteClock "0:00:40"]
[BlackClock "0:00:03"]

1. e4 c5 2. Nc3 Nc6 3. Bb5 Nd4 4. Nf3 e6 5. O-O a6 6. Bd3 Nc6 7. e5 Nge7 8. Re1 Ng6 9. Bxg6 hxg6 10. d4 cxd4 11. Nxd4 Bc5 12. Nxc6 dxc6 13. Qxd8+ Kxd8 14. Ne4 Be7 15. Be3 f5 16. Rad1+ Ke8 17. Nd6+ Bxd6 18. Rxd6 Kf7 19. g3 a5 20. c4 b5 21. cxb5 cxb5 22. Rc1 Re8 23. Bg5 Ra7 24. Rc5 Bd7 25. f3 Rb7 26. Kf2 Ra8 27. Ke3 b4 28. Kd4 a4 29. Kc4 b3 30. a3 Be8 31. Kc3 Bb5 32. Kd2 Bf1 33. h4 Bb5 34. Rd4 Bd7 35. g4 Be8 36. h5 gxh5 37. gxf5 exf5 38. Rd6 Rab8 39. e6+ Kg6 40. Bd8 Rb5 41. Rc1 f4 42. Rg1+ Kh7 43. Bg5 Rc5 44. Bxf4 Rc2+ 45. Ke3 Rb5 46. Rd8 Bc6 47. e7 Rxb2 48. e8=Q Bxe8 49. Rxe8 Ra2 50. Re7 b2 51. Rexg7+ Kh8 52. Rg8+ Kh7 53. R1g7# 1-0


[Site "https://www.chess.com"]

[Event "Titled Tuesday Blitz February 15 Early 2022"]
[White "Saim, Mohamed Ilias"]
[Black "Qashashvili, Alexandre"]
[WhiteFideId "7900465"]
[BlackFideId "13600842"]
[WhiteElo "2006"]
[BlackElo "2316"]
[Result "0-1"]
[Round "10"]
[TimeControl "180+1"]
[Date "2022.02.15"]
[WhiteClock "0:00:04"]
[BlackClock "0:01:00"]

1. d4 c6 2. Nf3 d5 3. e3 Bf5 4. Bd3 Bxd3 5. Qxd3 e6 6. b3 Bd6 7. Bb2 Nf6 8. Nbd2 O-O 9. O-O Qe7 10. Ne5 Ba3 11. Bc3 Bb4 12. Bb2 Ba3 13. Bc3 Nbd7 14. f4 Bb4 15. Bb2 Bxd2 16. Qxd2 Ne4 17. Qd1 f6 18. Nd3 Qf7 19. f5 exf5 20. Rxf5 Rfe8 21. c4 Nf8 22. cxd5 cxd5 23. Nf4 Rad8 24. Nd3 Qe6 25. Rf3 Ng6 26. Rc1 Nh4 27. Rf1 Rc8 28. Qh5 Ng6 29. Ba3 Nd2 30. Rfe1 Ne4 31. Rxc8 Rxc8 32. Nf4 Nxf4 33. exf4 Rc2 34. f5 Qd7 35. Qf3 h6 36. g4 Qc7 37. Re2 Rxe2 38. Qxe2 Qf4 39. Kg2 h5 40. Bb4 hxg4 41. Be1 Qxf5 42. Bg3 Nxg3 43. Qe8+ Kh7 44. hxg3 Qe4+ 45. Qxe4+ dxe4 46. Kf2 Kg6 47. Ke3 f5 48. a4 a5 49. Kf4 Kf6 50. d5 g5+ 51. Ke3 Ke5 52. Kd2 f4 53. Ke2 Kxd5 54. gxf4 gxf4 55. Kf2 Kc5 56. Ke2 Kb4 57. Kd2 Kxb3 58. Ke2 Kxa4 59. Kf2 Kb4 60. Kg2 Kc3 61. Kf2 Kd2 62. Kg2 e3 63. Kf1 e2+ 64. Kg2 e1=Q 65. Kh2 Qe2+ 66. Kh1 f3 0-1


[Site "https://www.chess.com"]

[Event "Titled Tuesday Blitz February 15 Early 2022"]
[White "Samaganova, Aleksandra"]
[Black "Buscar, Michael"]
[WhiteFideId "13800221"]
[BlackFideId "2603616"]
[WhiteElo "1859"]
[BlackElo "2010"]
[Result "1-0"]
[Round "10"]
[TimeControl "180+1"]
[Date "2022.02.15"]
[WhiteClock "0:00:05"]
[BlackClock "0:00:13"]

1. c4 e5 2. Nc3 Nf6 3. Nf3 Nc6 4. a3 d5 5. cxd5 Nxd5 6. Qc2 Be6 7. e3 Be7 8. b4 a6 9. Bb2 O-O 10. Be2 f5 11. d3 Bf6 12. Nxd5 Bxd5 13. e4 Be6 14. Rd1 Nd4 15. Bxd4 exd4 16. O-O a5 17. b5 a4 18. Rc1 Rf7 19. exf5 Bxf5 20. Nd2 Bg5 21. Rb1 Bxd2 22. Qxd2 Qe7 23. Bf3 Qxa3 24. Bd5 Qxd3 25. Qa2 Rf8 26. Rbd1 Qxb5 27. Bxf7+ Rxf7 28. Rxd4 Qb3 29. Qd2 Rf8 30. Rb4 Qd3 31. Qa2+ Kh8 32. Rxa4 Bd7 33. Ra8 Qf5 34. Rxf8+ Qxf8 35. Rd1 Bc6 36. Qa5 Qc8 37. Qg5 Bd7 38. Qe7 Qe8 39. Qxe8+ Bxe8 40. Rd8 1-0


[Site "https://www.chess.com"]

[Event "Titled Tuesday Blitz February 15 Early 2022"]
[White "Samunenkov, Ihor"]
[Black "Aradhya, Garg"]
[WhiteFideId "14187086"]
[BlackFideId "25006746"]
[WhiteElo "2406"]
[BlackElo "2169"]
[Result "1/2-1/2"]
[Round "10"]
[TimeControl "180+1"]
[Date "2022.02.15"]
[WhiteClock "0:00:04"]
[BlackClock "0:00:06"]

1. e4 e5 2. Nf3 Nc6 3. Bb5 a6 4. Ba4 Bc5 5. O-O Nge7 6. c3 Ng6 7. d4 Ba7 8. Be3 O-O 9. Nbd2 d6 10. h3 Bd7 11. Bc2 h6 12. a4 Qf6 13. Nc4 Rfd8 14. d5 Nce7 15. Bxa7 Rxa7 16. Ne3 Nf4 17. Nh2 Qg6 18. Kh1 a5 19. h4 Nh5 20. g3 Nf6 21. Qf3 b5 22. axb5 Bxb5 23. c4 Bd7 24. b4 Rda8 25. b5 h5 26. Rfb1 Nc8 27. Rg1 Nb6 28. g4 hxg4 29. Nhxg4 Nxg4 30. Nxg4 Bxg4 31. Rxg4 Qh6 32. Rag1 g6 33. Qf6 a4 34. h5 Qxh5+ 35. Rh4 Qxh4+ 36. Qxh4 Kg7 37. Qg3 a3 38. Ra1 Nxc4 39. Qc3 Nb6 40. Ra2 Rh8+ 41. Kg2 Rha8 42. Qb4 Nd7 43. Qc3 Nc5 44. f4 f6 45. fxe5 fxe5 46. Qb4 Kf6 47. b6 Rb7 48. Rxa3 Rxb6 49. Qc3 Rxa3 50. Qxa3 Ke7 51. Qg3 Rb4 52. Qxg6 Rb2 53. Qg7+ Kd8 54. Qg5+ Kc8 55. Qc1 Nd3 56. Qd2 Nb4 57. Qg5 Rxc2+ 58. Kf3 Rc3+ 59. Kg4 Rc4 60. Kf5 Nd3 61. Qg8+ Kb7 62. Qg2 Nc5 63. Qb2+ Kc8 64. Kf6 Rxe4 65. Ke7 Rh4 66. Qa3 Rh7+ 67. Ke8 Rh8+ 68. Ke7 Rh7+ 69. Ke8 Rh8+ 70. Ke7 Rh7+ 1/2-1/2


[Site "https://www.chess.com"]

[Event "Titled Tuesday Blitz February 15 Early 2022"]
[White "Sanal, Vahap"]
[Black "Viani Antonio Dcunha"]
[WhiteFideId "6300545"]
[BlackFideId "5027330"]
[WhiteElo "2603"]
[BlackElo "2366"]
[Result "0-1"]
[Round "10"]
[TimeControl "180+1"]
[Date "2022.02.15"]
[WhiteClock "0:00:20"]
[BlackClock "0:00:26"]

1. d4 Nf6 2. Nf3 g6 3. g3 Bg7 4. Bg2 O-O 5. O-O d6 6. c4 Nc6 7. Nc3 a6 8. Rb1 Bf5 9. Ra1 Rb8 10. Re1 Ne4 11. Nd5 b5 12. Ne3 bxc4 13. Nxf5 gxf5 14. Nh4 e6 15. d5 Ne7 16. dxe6 fxe6 17. Qa4 d5 18. Qxa6 Qd6 19. Qa4 Bxb2 20. Rb1 Bd4 21. Bxe4 Bxf2+ 22. Kxf2 fxe4+ 23. Kg2 Rxb1 24. Ba3 Qb6 25. Bxe7 Qf2+ 26. Kh3 Rxe1 27. Bxf8 Qxf8 28. Qd7 Qf1+ 29. Kg4 Qf7 30. Qd8+ Qf8 0-1


[Site "https://www.chess.com"]

[Event "Titled Tuesday Blitz February 15 Early 2022"]
[White "Sarkar, Justin"]
[Black "Karabalis, Harilos"]
[WhiteFideId "2010011"]
[BlackFideId "4621808"]
[WhiteElo "2038"]
[BlackElo "2168"]
[Result "1-0"]
[Round "10"]
[TimeControl "180+1"]
[Date "2022.02.15"]
[WhiteClock "0:00:04"]
[BlackClock "0:01:17"]

1. d4 Nf6 2. c4 c5 3. d5 b5 4. a4 Qa5+ 5. Bd2 b4 6. Qc2 d6 7. e4 g6 8. Bd3 Bg7 9. f4 O-O 10. Nf3 e6 11. O-O Qc7 12. h3 Re8 13. Be1 exd5 14. exd5 Nh5 15. f5 Nf4 16. fxg6 hxg6 17. Bg3 Nxd3 18. Qxd3 Bxb2 19. Ra2 Bg7 20. Ng5 f5 21. Re2 Bd7 22. Rxe8+ Bxe8 23. Ne6 Qe7 24. Nxg7 Kxg7 25. Re1 Qf8 26. Bxd6 Qxd6 27. Rxe8 Kf7 28. Re6 Qf4 29. Nd2 Nd7 30. Nf3 Re8 31. Qe2 Qc1+ 32. Kh2 Qf4+ 33. g3 Qb8 34. Ng5+ Kf8 35. Nh7+ Kf7 36. Ng5+ Kg7 37. Rxe8 Qd6 38. Qe7+ Qxe7 39. Rxe7+ 1-0


[Site "https://www.chess.com"]

[Event "Titled Tuesday Blitz February 15 Early 2022"]
[White "Shton, Roman"]
[Black "Sinitsina, Anastassia"]
[WhiteFideId "14137461"]
[BlackFideId "4504640"]
[WhiteElo "2038"]
[BlackElo "2144"]
[Result "1-0"]
[Round "10"]
[TimeControl "180+1"]
[Date "2022.02.15"]
[WhiteClock "0:00:43"]
[BlackClock "0:00:15"]

1. d4 Nf6 2. Nf3 g6 3. c4 Bg7 4. Nc3 O-O 5. Bg5 h6 6. Bh4 d6 7. e3 c5 8. d5 e6 9. Be2 exd5 10. cxd5 a6 11. a4 Nbd7 12. Bg3 Qe7 13. O-O Ng4 14. Nd2 Nge5 15. Nc4 Nxc4 16. Bxc4 Ne5 17. Be2 h5 18. h3 f5 19. a5 Bd7 20. Qb3 Rfb8 21. Na4 Bxa4 22. Rxa4 Qc7 23. Rfa1 b5 24. axb6 Rxb6 25. Qc2 Rxb2 26. Qd1 a5 27. e4 fxe4 28. Rxe4 Rb4 29. Ra4 Rxe4 30. Rxe4 Qd7 31. f4 Nf7 32. Re6 Bd4+ 33. Kh2 Nh8 34. Bd3 Kg7 35. f5 gxf5 36. Qxh5 Bf6 37. Qxf5 Qf7 38. Qh7+ 1-0


[Site "https://www.chess.com"]

[Event "Titled Tuesday Blitz February 15 Early 2022"]
[White "Shukhman, Anna"]
[Black "Iskusnyh, Sergei"]
[WhiteFideId "54180058"]
[BlackFideId "4120027"]
[WhiteElo "1628"]
[BlackElo "2492"]
[Result "0-1"]
[Round "10"]
[TimeControl "180+1"]
[Date "2022.02.15"]
[WhiteClock "0:00:26"]
[BlackClock "0:00:27"]

1. e4 e6 2. d4 d5 3. Nc3 Nf6 4. e5 Nfd7 5. f4 c5 6. Nf3 Be7 7. Be3 O-O 8. Qd2 a6 9. Be2 b5 10. a3 Nc6 11. O-O Bb7 12. f5 cxd4 13. Nxd4 Nxd4 14. Bxd4 exf5 15. Rxf5 Nc5 16. Raf1 Ne6 17. Kh1 Rc8 18. Rh5 g6 19. Rh3 Bg5 20. Qd1 Qc7 21. Bg4 Rce8 22. Bxe6 fxe6 23. Rhf3 Bh6 24. Qd3 Qc4 25. Ne2 Qxd3 26. cxd3 a5 27. Rxf8+ Rxf8 28. Rxf8+ Bxf8 29. Bc3 b4 30. axb4 axb4 31. Bd2 Ba6 32. Nf4 Kf7 33. h4 Bc5 34. g3 Bd4 35. Bxb4 Bxe5 36. Bc3 Bd6 37. Kg2 e5 38. Ne2 Bxd3 39. Nc1 Bb5 40. Nb3 d4 41. Bd2 Ke6 42. Kf3 Kd5 43. Kg4 Be7 44. Nc1 Bd7+ 45. Kf3 e4+ 46. Ke2 Bg4+ 47. Ke1 e3 48. Ba5 Ke4 49. b4 Bd6 50. b5 Bxg3+ 51. Kf1 d3 52. Nxd3 Kxd3 53. b6 Bf3 0-1


[Site "https://www.chess.com"]

[Event "Titled Tuesday Blitz February 15 Early 2022"]
[White "Shuvalova, Polina"]
[Black "Galyas, Miklos"]
[WhiteFideId "24171760"]
[BlackFideId "707244"]
[WhiteElo "2355"]
[BlackElo "2409"]
[Result "1-0"]
[Round "10"]
[TimeControl "180+1"]
[Date "2022.02.15"]
[WhiteClock "0:00:09"]
[BlackClock "0:00:12"]

1. e4 d5 2. exd5 Qxd5 3. Nc3 Qd6 4. Nf3 Nf6 5. d4 c6 6. Be2 Bg4 7. O-O e6 8. h3 Bh5 9. Bg5 Nbd7 10. Bh4 Be7 11. Bg3 Qb4 12. a3 Qa5 13. Qd2 O-O 14. Rad1 Rad8 15. Rfe1 Rfe8 16. Qc1 a6 17. Nb1 Bf8 18. c4 c5 19. dxc5 Qxc5 20. b4 Qc8 21. c5 Nd5 22. Nc3 N7f6 23. Nxd5 Nxd5 24. Ne5 Bxe2 25. Rxe2 f6 26. Nc4 e5 27. Rxd5 Rxd5 28. Nb6 Qe6 29. Nxd5 Qxd5 30. Rd2 Qb3 31. Rd7 a5 32. Rxb7 Rd8 33. Qe3 Rd1+ 34. Kh2 Qb1 35. Bh4 Rh1+ 36. Kg3 Rd1 37. f3 Rd3 38. Qe4 h6 39. c6 Qd1 40. c7 Rc3 41. b5 Rc2 42. Bxf6 Qd2 43. f4 Qf2+ 44. Kh2 gxf6 45. c8=Q Rxc8 46. Qh7# 1-0


[Site "https://www.chess.com"]

[Event "Titled Tuesday Blitz February 15 Early 2022"]
[White "Shyaamnikhil P"]
[Black "Sokolovsky, Yahli"]
[WhiteFideId "5024218"]
[BlackFideId "2820242"]
[WhiteElo "2292"]
[BlackElo "1770"]
[Result "1-0"]
[Round "10"]
[TimeControl "180+1"]
[Date "2022.02.15"]
[WhiteClock "0:01:23"]
[BlackClock "0:00:02"]

1. d4 d5 2. Nf3 e6 3. e3 f5 4. c4 c6 5. Nc3 Nf6 6. Ne5 Bd6 7. f4 O-O 8. c5 Bc7 9. a3 Nbd7 10. b4 Ne4 11. Nxe4 dxe4 12. Bc4 Nf6 13. O-O Nd5 14. b5 Bxe5 15. fxe5 cxb5 16. Bxb5 Nc3 17. Qb3 Nxb5 18. Qxb5 Qd5 19. Rb1 Rb8 20. Qa5 a6 21. Rb6 Rd8 22. Bd2 Bd7 23. Rd6 Qa2 24. d5 exd5 25. e6 b6 26. cxb6 Bb5 27. Rxd8+ Rxd8 28. b7 Re8 29. Rc1 Bc4 30. e7 Qb3 31. Qb4 Qxb4 32. Bxb4 Kf7 33. Bd6 1-0


[Site "https://www.chess.com"]

[Event "Titled Tuesday Blitz February 15 Early 2022"]
[White "Srihari L R"]
[Black "Sadovsky, Artem"]
[WhiteFideId "46617116"]
[BlackFideId "4155840"]
[WhiteElo "2121"]
[BlackElo "2369"]
[Result "0-1"]
[Round "10"]
[TimeControl "180+1"]
[Date "2022.02.15"]
[WhiteClock "0:00:04"]
[BlackClock "0:00:07"]

1. d4 g6 2. h4 h5 3. Nc3 Bg7 4. e4 c6 5. Bg5 d5 6. e5 f6 7. Bf4 Bf5 8. Bd3 Bxd3 9. Qxd3 f5 10. Qg3 Kf7 11. e6+ Kxe6 12. Qxg6+ Bf6 13. O-O-O Kd7 14. Qxf5+ e6 15. Qh3 Ne7 16. Nf3 Nf5 17. Rhe1 Qg8 18. Be5 Rh6 19. Ne2 Qg4 20. Neg1 Bxh4 21. Qh2 Kc8 22. g3 Bd8 23. Bf4 Rf6 24. Ne5 Qg8 25. Qxh5 Nd7 26. Nxd7 Kxd7 27. Nf3 Bc7 28. Bxc7 Kxc7 29. Rh1 Nd6 30. Rdf1 Raf8 31. Qh7+ Qxh7 32. Rxh7+ Kc8 33. Ng5 Rxf2 34. Rxf2 Rxf2 35. Nxe6 Ne4 36. Rc7+ Kb8 37. b3 Nxg3 38. Rg7 Ne2+ 39. Kb2 a5 40. a4 b6 41. Rg4 Rh2 42. Rg7 Rf2 43. Kb1 Nf4 44. Nd8 Rf1+ 45. Kb2 c5 46. Nc6+ Kc8 47. dxc5 bxc5 48. Na7+ Kd8 49. Nc6+ Ke8 50. Nxa5 Rf2 51. Rb7 Nd3+ 52. Kc3 Nb4 53. Rxb4 cxb4+ 54. Kd3 Rf4 55. Nc6 Kd7 56. Nd4 Kd6 57. Ne2 Re4 58. Nd4 Kc5 59. Nf3 Rg4 60. Kd2 Rg3 61. Ne1 Kd4 62. Nd3 Rg2+ 63. Kd1 Kc3 64. Nf4 Rg1+ 65. Ke2 Kxc2 66. Nxd5 Kxb3 67. a5 Ra1 68. a6 Rxa6 69. Ne3 Re6 70. Kd3 Rxe3+ 71. Kxe3 Kc2 0-1


[Site "https://www.chess.com"]

[Event "Titled Tuesday Blitz February 15 Early 2022"]
[White "Steenbekkers, Franck"]
[Black "Redzisz, Michal"]
[WhiteFideId "1004220"]
[BlackFideId "21816107"]
[WhiteElo "2135"]
[BlackElo "1961"]
[Result "0-1"]
[Round "10"]
[TimeControl "180+1"]
[Date "2022.02.15"]
[WhiteClock "0:00:17"]
[BlackClock "0:00:52"]

1. e4 d5 2. Nc3 d4 3. Nb1 c5 4. Bc4 Nc6 5. d3 e5 6. f4 Bd6 7. Nf3 Bg4 8. O-O Nh6 9. fxe5 Nxe5 10. Bxh6 gxh6 11. Nbd2 Qe7 12. Bb5+ Nc6 13. Nc4 Bf4 14. Nxd4 Bxd1 15. Nxc6 bxc6 16. Bxc6+ Kd8 17. Bxa8 Bxc2 18. Rxf4 Kc7 19. Bd5 f6 20. e5 Rf8 21. Raf1 Bxd3 22. exf6 Qd7 23. Ne3 Bxf1 24. Kxf1 Qd6 25. Nc4 Qxf4+ 0-1


[Site "https://www.chess.com"]